 Dungeon Crawl Stone Soup version 0.28-a0-1616-g050a50673c (webtiles) character file.

Game seed: 2556927089389682666

30 ragingrage the Charlatan (level 3, -3/22 HPs)
             Began as a Gargoyle Artificer on Jan 22, 2022.
             Slain by Natasha (4 damage)
             ... on level 2 of the Dungeon.
             The game lasted 00:01:05 (1696 turns).

ragingrage the Charlatan (Gargoyle Artificer)       Turns: 1696, Time: 00:01:06

Health: -3/22      AC:  7    Str: 17    XL:     3   Next: 20%
Magic:  0/3        EV: 11    Int: 11    God:
Gold:   99         SH:  0    Dex: 10    Spells: 2/2 levels left

rFire   . . .      SeeInvis .   g - staff of poison
rCold   . . .      Faith    .   (no shield)
rNeg    + . .      Spirit   +   b - +0 leather armour
rPois   ∞          Reflect  .   (no helmet)
rElec   +          Harm     .   (no cloak)
rCorr   .          Rampage  .   h - +0 pair of gloves
Will    .....                   (no boots)
Stlth   +.........              a - amulet of guardian spirit
HPRegen 0.07/turn               (no ring)
MPRegen 0.08/turn               (no ring)

@: no status effects
A: sickness immunity, AC +3, negative energy resistance 1, electricity
resistance, torment resistance 1, petrification resistance
a: no special abilities


You were on level 2 of the Dungeon.
You visited 1 branch of the dungeon, and saw 2 of its levels.

You collected 99 gold pieces.

Inventory:

Armour
 b - a +0 leather armour (worn)
 h - a +0 pair of gloves (worn)
Magical Staves
 g - a staff of poison (weapon)
Jewellery
 a - an amulet of guardian spirit (around neck)
Wands
 c - a wand of flame (13) (quivered)
 d - a wand of charming (15)
Scrolls
 f - a scroll of enchant armour {unknown}
 i - a scroll of identify {unknown}
Potions
 j - a potion of degeneration {unknown}
Miscellaneous
 e - a piece from Xom's chessboard (15/15)


   Skills:
 + Level 2.4 Fighting
 - Level 2.1 Armour
 - Level 0.7 Dodging
 - Level 1.1 Stealth
 + Level 3.3 Evocations


You had 2 spell levels left.
You didn't know any spells.
Your spell library was empty.

Dungeon Overview and Level Annotations

Branches:
Dungeon (2/15)

Altars:

Annotations:
D:2 Natasha


Innate Abilities, Weirdness & Mutations

You are immune to sickness and miasma.
Your stone body is resilient. (AC +3)
You are immune to poison.
You resist negative energy. (rN+)
You are resistant to electric shocks. (rElec)
You are resistant to unholy torment.
You are immune to petrification.


Message History

Unknown command.
You closely miss Natasha. Natasha barely misses you.
You hit Natasha.
Natasha is lightly wounded.
Natasha casts a spell at you. You resist with significant effort.
You barely miss Natasha.
Natasha is lightly wounded.
Natasha casts a spell at you. You resist with significant effort.
You hit Natasha but do no damage.
Natasha is lightly wounded.
Natasha claws you but does no damage.
You barely miss Natasha.
Natasha is lightly wounded.
Natasha stares at you and mumbles some strange words.
The magic dart hits you! Natasha casts a spell at you.
You resist with significant effort.
You barely miss Natasha.
Natasha is lightly wounded.
Natasha hisses.
Natasha claws you.
You hit Natasha but do no damage.
Natasha is lightly wounded.
Natasha casts a spell at you. The magic dart hits you.
You barely miss Natasha.
Natasha is lightly wounded.
Natasha wildly gestures.
Natasha's front paws start to glow.
Natasha claws you!
* * * LOW HITPOINT WARNING * * *
Aiming: Throw Flame
Press: ? - help, Q - select action, (/) - cycle Shift-Dir - straight line, f/p - Natasha
Aim: Natasha (lightly wounded, 64% to hit)
The puff of flame hits Natasha.
Natasha is heavily wounded.
Natasha claws you.
You die...

### #.. ## #.# ..
#.# .# #####.####
..####
#.....h.)##......
#.###.@..........
#.###.#.(....(...
#.##.###.##..###.
##########...##
##.# (#
.......<......#
... #
##########...#.#
##.. #...#..# ...
#...# ... ##
#....#####


You could see Natasha.

Vanquished Creatures
  3 dart slugs (D:1)
  An endoplasm (D:1)
  4 hobgoblins (D:1)
  5 kobolds
  3 ball pythons (D:1)
  A bat (D:1)
  2 goblins (D:1)
  6 rats (D:1)
25 creatures vanquished.

Notes
Turn   | Place    | Note
-------+----------+-------------------------------------------
     0 | D:1      | ragingrage the Gargoyle Artificer began the quest for the
                  | Orb.
     0 | D:1      | Reached XP level 1. HP: 12/12 MP: 1/1
   273 | D:1      | Reached skill level 3 in Evocations
   273 | D:1      | Reached XP level 2. HP: 12/17 MP: 2/2
  1123 | D:1      | Reached XP level 3. HP: 21/21 MP: 3/3
  1351 | D:1      | Found a faded altar of an unknown god.
  1451 | D:2      | Noticed Natasha
  1695 | D:2      | HP: 1/22 [Natasha (7)]
  1696 | D:2      | Slain by Natasha

Illustrated notes

Levels and vault maps discovered:
D:1:      psy_arrival_statuary, layout_basic,
          dreamdust_ecumenical_altar_hidden_monk_grotto
D:2:      layout_loops_ring, minmay_misc_feat_four_crosses, uniq_natasha,
          uniq_sigmund, uniq_crazy_yiuf_cottage

Skill      XL: |  1  2 |
---------------+-------+-----
Evocations     | 3 |  3.3
Fighting       | 2 |  2.4
Armour         | |  2.1
Dodging        | |  0.7
Stealth        | |  1.1

Action                   || total
-------------------------++-------
Melee: Club              ||    16
       Staff             ||    98
       Punch             ||     1
Evoke: Wand              ||     2
Armor: Leather armour    ||    44
Dodge: Dodged            ||    57

Table legend: (Time is in decaauts)
 A = Elapsed time spent in this place.
 B = Non-inter-level travel time spent in this place.
 C = Inter-level travel time spent in this place.
 D = Time resting spent in this place.
 E = Time spent auto-exploring this place.
 F = Levels seen in this place.
 G = Mean time per level.
                   A        B        C        D        E       F      G
               +--------+--------+--------+--------+--------+-----+--------+
         Total |   1720 |   1699 |     21 |    607 |    811 |   2 |  860.0 |
       Dungeon |   1720 |   1699 |     21 |    607 |    811 |   2 |  860.0 |
               +--------+--------+--------+--------+--------+-----+--------+

Top non-repeatable levels by time:
     D:1: 1676 daAuts
     D:2: 44 daAuts
